[Event "Titled Tuesday Blitz March 08 Early 2022"]
[White "Gulecyuz, Deniz"]
[Black "Gatterer, Florian"]
[WhiteFideId "30921341"]
[BlackFideId "811688"]
[WhiteElo "1923"]
[BlackElo "2218"]
[Result "0-1"]
[Round "10"]
[TimeControl "180+1"]
[Date "2022.03.09"]
[WhiteClock "0:00:13"]
[BlackClock "0:00:16"]

1. Nf3 c5 2. g3 g6 3. Bg2 Bg7 4. c4 Nc6 5. d3 e6 6. O-O Nge7 7. Nc3 O-O 8. Bd2 d5 9. a3 b6 10. Qc2 dxc4 11. dxc4 Bb7 12. Rfd1 Qc8 13. Nb5 Rd8 14. Bf4 e5 15. Bg5 f6 16. Be3 Nd4 17. Nfxd4 cxd4 18. Bd2 Bxg2 19. Kxg2 a6 20. Bb4 Nf5 21. e4 axb5 22. exf5 Qxc4 23. Rac1 Qxc2 24. Rxc2 gxf5 25. Rc6 Rac8 26. Rxb6 Rd5 27. Be7 Kf7 28. Rb7 Ke6 29. Bd8 Rdxd8 30. Rxg7 Rd7 31. Rxd7 Kxd7 32. Rd2 Ke6 33. Kf3 Kd5 34. Ke2 e4 35. Kd1 d3 36. b3 Kd4 37. a4 bxa4 38. bxa4 Rb8 39. Kc1 Kc3 40. Ra2 Ra8 41. a5 Ra6 42. Kd1 h5 43. h4 Kb4 44. Kd2 Rxa5 45. Rb2+ Kc4 46. Rb6 Ra2+ 47. Kd1 Rxf2 48. Rxf6 Kd4 0-1


[Site "https://www.chess.com"]

[Event "Titled Tuesday Blitz March 08 Early 2022"]
[White "Guseva, Marina"]
[Black "Zemerov, Vladimir"]
[WhiteFideId "4149351"]
[BlackFideId "4111583"]
[WhiteElo "2160"]
[BlackElo "2277"]
[Result "1-0"]
[Round "10"]
[TimeControl "180+1"]
[Date "2022.03.09"]
[WhiteClock "0:00:16"]
[BlackClock "0:00:25"]

1. d4 d6 2. Nf3 g6 3. Bf4 Bg7 4. e3 a6 5. Be2 b5 6. a4 b4 7. O-O Bb7 8. c3 a5 9. cxb4 axb4 10. b3 Nd7 11. Nbd2 c5 12. Nc4 cxd4 13. Nxd4 Qb8 14. Nb5 Ra6 15. Ncxd6+ exd6 16. Nxd6+ Rxd6 17. Bxd6 Qa8 18. Bf3 Bxf3 19. gxf3 Ne7 20. Bxb4 Nd5 21. Bd6 Qc6 22. Bg3 Bxa1 23. Qxa1 O-O 24. Rc1 Qb7 25. e4 Nb4 26. Rc7 Qb6 27. Rxd7 Rc8 28. Qd4 Rc1+ 29. Kg2 Qxd4 30. Rxd4 Nc2 31. Rd8+ Kg7 32. Be5+ f6 33. Rd7+ Kf8 34. Bxf6 Ne1+ 35. Kg3 h5 36. a5 Rb1 37. Bc3 h4+ 38. Kxh4 Nxf3+ 39. Kg3 Rxb3 40. Kxf3 Rxc3+ 41. Kf4 Ra3 42. Ra7 Ra4 43. a6 Ke8 44. Kg5 Rxe4 45. Rh7 Re5+ 46. Kf6 Ra5 47. a7 Ra6+ 48. Kg5 Kf8 49. a8=Q+ Rxa8 50. Rh8+ Kg7 51. Rxa8 Kf7 52. Ra7+ Ke6 53. Kxg6 Kd5 54. h4 Kc5 55. h5 Kb5 56. h6 Kb6 57. Rd7 Kc6 58. Rd1 Kc5 59. h7 Kc4 60. h8=Q Kc5 61. Qc8+ Kb6 62. Rb1+ Ka7 63. Qb7# 1-0


[Site "https://www.chess.com"]

[Event "Titled Tuesday Blitz March 08 Early 2022"]
[White "Dronavalli, Harika"]
[Black "Sonis, Francesco"]
[WhiteFideId "5015197"]
[BlackFideId "895733"]
[WhiteElo "2382"]
[BlackElo "2373"]
[Result "0-1"]
[Round "10"]
[TimeControl "180+1"]
[Date "2022.03.08"]
[WhiteClock "0:00:20"]
[BlackClock "0:01:23"]

1. d4 d5 2. Nf3 e6 3. Bf4 Bd6 4. e3 Nf6 5. Nbd2 c5 6. c3 Qc7 7. Bxd6 Qxd6 8. Ne5 O-O 9. Bd3 b6 10. f4 Ba6 11. Bc2 Nc6 12. Qf3 Rac8 13. Rc1 Nd7 14. Qh3 f5 15. Nxd7 Qxd7 16. Nf3 g6 17. Kf2 Rc7 18. Bb1 Nd8 19. Ne5 Qe8 20. g4 Nf7 21. gxf5 exf5 22. Rhg1 Nd6 23. Qh6 Rg7 24. h4 Nf7 25. Nxf7 Rfxf7 26. Rg3 Qb5 27. b3 Qe2+ 28. Kg1 Qd2 29. Rc2 Qe1+ 30. Kh2 Qxb1 31. Rcg2 Bf1 32. Rg1 Qc2+ 33. Kh1 Bd3 34. h5 Be4+ 35. R1g2 Bxg2+ 36. Rxg2 Qd1+ 37. Kh2 Qxh5+ 0-1


[Site "https://www.chess.com"]

[Event "Titled Tuesday Blitz March 08 Early 2022"]
[White "Havanecz, Bianka"]
[Black "Politov, Pavel Y."]
[WhiteFideId "704814"]
[BlackFideId "24110515"]
[WhiteElo "2358"]
[BlackElo "2090"]
[Result "1-0"]
[Round "10"]
[TimeControl "180+1"]
[Date "2022.03.09"]
[WhiteClock "0:01:48"]
[BlackClock "0:00:40"]

1. d4 d5 2. Nf3 Nf6 3. c4 dxc4 4. Nc3 Nc6 5. e3 Na5 6. Ne5 e6 7. Nxc4 Nxc4 8. Bxc4 c5 9. O-O Be7 10. dxc5 Bxc5 11. Bb5+ Bd7 12. Qa4 Bxb5 13. Qxb5+ Nd7 14. Rd1 a6 15. Qxb7 Qc8 16. Rxd7 Rb8 17. Qxc8+ Rxc8 18. Rd1 Ke7 19. Na4 Rhd8 20. Bd2 Ba7 21. Bb4+ Kf6 22. Bc3+ Kg6 23. g3 f6 24. Kg2 Kf7 25. Ba5 Rxd1 26. Rxd1 Rc2 27. Rd7+ 1-0


[Site "https://www.chess.com"]

[Event "Titled Tuesday Blitz March 08 Early 2022"]
[White "Heinemann, Josefine"]
[Black "Hartikainen, Jarmo"]
[WhiteFideId "12900460"]
[BlackFideId "503134"]
[WhiteElo "2300"]
[BlackElo "2112"]
[Result "1-0"]
[Round "10"]
[TimeControl "180+1"]
[Date "2022.03.09"]
[WhiteClock "0:00:58"]
[BlackClock "0:00:08"]

1. d4 Nf6 2. c4 g6 3. Nc3 d5 4. cxd5 Nxd5 5. e4 Nxc3 6. bxc3 Bg7 7. Nf3 O-O 8. Be3 c5 9. Be2 Nc6 10. O-O cxd4 11. cxd4 b6 12. Rc1 Bb7 13. d5 Na5 14. Qd2 Rc8 15. Nd4 a6 16. Qb4 Qd6 17. Qxd6 exd6 18. Nb3 Nxb3 19. axb3 b5 20. Bg4 f5 21. exf5 gxf5 22. Bf3 Rc3 23. Rxc3 Bxc3 24. Rc1 b4 25. g3 Re8 26. Kg2 Kg7 27. Bf4 Rd8 28. Rc2 Kf6 29. h4 Rd7 30. Re2 Be5 31. Bg5+ Kf7 32. Rc2 Bf6 33. Bd2 Bd4 34. Bxb4 Kf6 35. Ba5 Ke5 36. Re2+ Kf6 37. Re8 Re7 38. Bd8 Kf7 39. Rxe7+ 1-0


[Site "https://www.chess.com"]

[Event "Titled Tuesday Blitz March 08 Early 2022"]
[White "Horobetz, Graham"]
[Black "Lima, Kleyton Alcantara"]
[WhiteFideId "2047322"]
[BlackFideId "22718397"]
[WhiteElo "2640"]
[BlackElo "1951"]
[Result "1-0"]
[Round "10"]
[TimeControl "180+1"]
[Date "2022.03.09"]
[WhiteClock "0:01:52"]
[BlackClock "0:02:11"]

1. e4 c5 2. Nf3 d6 3. d4 cxd4 4. Nxd4 Nf6 5. Nc3 a6 6. Be3 e5 7. Nb3 Be6 8. f3 h5 9. Nd5 Bxd5 10. exd5 Nbd7 11. Qd2 g6 12. Na5 Qc7 13. c4 e4 14. Be2 Bg7 15. f4 Ng4 16. Bxg4 hxg4 17. Rc1 f5 18. b4 Kf7 19. c5 Rac8 20. c6 bxc6 21. dxc6 Nf6 22. Nc4 Rhd8 23. Bb6 Qxc6 24. Bxd8 Rxd8 25. Ne5+ dxe5 26. Rxc6 Rxd2 27. Kxd2 exf4 28. Rxa6 e3+ 29. Kd3 Ne4 30. Rc1 Bh6 31. Rc7+ Ke8 32. Ra8# 1-0


[Site "https://www.chess.com"]

[Event "Titled Tuesday Blitz March 08 Early 2022"]
[White "Hua, Lefong"]
[Black "Shubenkova, Veronika"]
[WhiteFideId "2602253"]
[BlackFideId "44124040"]
[WhiteElo "2595"]
[BlackElo "1938"]
[Result "1-0"]
[Round "10"]
[TimeControl "180+1"]
[Date "2022.03.09"]
[WhiteClock "0:00:53"]
[BlackClock "0:00:02"]

1. d4 d5 2. c4 e6 3. Nc3 f5 4. e3 Nf6 5. Nf3 c6 6. Bd3 Bd6 7. b3 Ne4 8. Bb2 Nd7 9. O-O O-O 10. Ne2 Rf6 11. Ne5 Rh6 12. f3 Ng5 13. Rc1 Nf7 14. f4 Qh4 15. h3 Nfxe5 16. fxe5 Be7 17. Qe1 Qg5 18. Qg3 Qxg3 19. Nxg3 Bg5 20. Kf2 Bh4 21. Kf3 Nf8 22. cxd5 cxd5 23. Rc7 Bd8 24. Rc2 Bd7 25. Rfc1 Ng6 26. Ne2 Nh4+ 27. Kf2 Bc6 28. Ba3 g5 29. Bd6 g4 30. Nf4 gxh3 31. Nxh3 Ng6 32. b4 a6 33. a4 Bd7 34. b5 axb5 35. Bxb5 Bxb5 36. axb5 Kf7 37. Rc8 Ra2+ 38. R1c2 Rxc2+ 39. Rxc2 Bh4+ 40. Kf3 Bd8 41. Rc8 Nh4+ 42. Kf2 Ba5 43. Rb8 b6 44. Rb7+ Ke8 45. Nf4 Ng6 46. Nxe6 Nh8 47. Re7# 1-0


[Site "https://www.chess.com"]

[Event "Titled Tuesday Blitz March 08 Early 2022"]
[White "Istvanovszki, Martin"]
[Black "Aradhya, Garg"]
[WhiteFideId "726958"]
[BlackFideId "25006746"]
[WhiteElo "2345"]
[BlackElo "2169"]
[Result "1/2-1/2"]
[Round "10"]
[TimeControl "180+1"]
[Date "2022.03.09"]
[WhiteClock "0:00:31"]
[BlackClock "0:00:22"]

1. e4 e5 2. d4 exd4 3. Qxd4 Nc6 4. Qe3 Nf6 5. Nc3 Bb4 6. Bd2 O-O 7. O-O-O Re8 8. Qg3 Nxe4 9. Nxe4 Rxe4 10. c3 Bd6 11. f4 Qf6 12. Nh3 Ra4 13. Bd3 b6 14. Kb1 Ba6 15. Bc2 Ra5 16. Ng5 h6 17. Ne4 Qe6 18. b3 Bf8 19. c4 d5 20. Bxa5 dxe4 21. Bc3 f5 22. Qe3 Re8 23. h3 Bc5 24. Qe2 Bc8 25. Rd5 a5 26. Rhd1 Qe7 27. g4 Be6 28. R5d2 Nb4 29. gxf5 Bxf5 30. Bxb4 axb4 31. Rd5 Qf7 32. a4 bxa3 33. Ka2 Bd6 34. Qe3 Be6 35. Qxe4 Bxd5 36. Qh7+ Kf8 37. Rxd5 Re2 38. Rf5 Rxc2+ 39. Ka1 Rc1+ 40. Ka2 Rc2+ 41. Ka1 Rc1+ 42. Ka2 Rc2+ 1/2-1/2


[Site "https://www.chess.com"]

[Event "Titled Tuesday Blitz March 08 Early 2022"]
[White "Jaferian, Koosha"]
[Black "Bettalli, Francesco"]
[WhiteFideId "12507440"]
[BlackFideId "2816453"]
[WhiteElo "2030"]
[BlackElo "2216"]
[Result "0-1"]
[Round "10"]
[TimeControl "180+1"]
[Date "2022.03.09"]
[WhiteClock "0:00:04"]
[BlackClock "0:00:50"]

1. Nf3 c5 2. b3 d6 3. d4 cxd4 4. Nxd4 e5 5. Nf3 Nf6 6. Bb2 Nc6 7. c4 g6 8. g3 Bg7 9. Bg2 O-O 10. O-O Be6 11. Nc3 Qd7 12. Ng5 Rad8 13. Qd2 h6 14. Nge4 Nxe4 15. Bxe4 f5 16. Bg2 e4 17. Rfd1 Qe7 18. Nd5 Bxd5 19. Qxd5+ Kh7 20. Bxg7 Qxg7 21. Rac1 Rd7 22. c5 Rfd8 23. cxd6 Rxd6 24. Qxd6 Rxd6 25. Rxd6 Qb2 26. Rcd1 Qxe2 27. Rd7+ Kh8 28. Bf1 Qf3 29. Bg2 Qe2 30. Bf1 Qh5 31. Rc1 e3 32. Rxb7 Qf3 33. Rc2 exf2+ 34. Rxf2 Qd5 35. Bc4 Qd1+ 36. Kg2 Ne5 37. h3 Qd4 38. Rc7 Qe4+ 39. Kg1 Qe1+ 40. Kg2 Qe4+ 41. Kg1 Nf3+ 42. Kf1 Nd4 43. Kg1 Qe5 44. Rc8+ Kg7 45. Kg2 Qe4+ 46. Kg1 h5 47. Rc7+ Kh6 48. Rc8 Qe3 49. Kg2 Qe4+ 50. Kg1 Nf3+ 51. Kf1 Ng5 52. h4 Qb1+ 53. Kg2 Qe4+ 54. Kf1 Qh1+ 55. Ke2 Ne4 56. Rf4 Qg2+ 57. Ke3 Qxg3+ 58. Rf3 Qg1+ 59. Kf4 Qh2+ 60. Ke3 Qd2# 0-1


[Site "https://www.chess.com"]

[Event "Titled Tuesday Blitz March 08 Early 2022"]
[White "Jary, Sergey"]
[Black "Vakhlamov, Igor L."]
[WhiteFideId "14110350"]
[BlackFideId "24126748"]
[WhiteElo "2260"]
[BlackElo "2401"]
[Result "0-1"]
[Round "10"]
[TimeControl "180+1"]
[Date "2022.03.08"]
[WhiteClock "0:00:19"]
[BlackClock "0:00:07"]

1. e4 c5 2. Nf3 Nc6 3. d4 cxd4 4. Nxd4 g6 5. c4 Nf6 6. Nc3 d6 7. Be2 Nxd4 8. Qxd4 Bg7 9. Be3 O-O 10. Qd2 Be6 11. O-O Qa5 12. Rfd1 Rfc8 13. Rac1 Bxc4 14. Nd5 Qxd2 15. Nxe7+ Kf8 16. Rxd2 Kxe7 17. Rxc4 Rxc4 18. Bxc4 Nxe4 19. Re2 Kf8 20. Bd5 Nc5 21. g3 Rc8 22. b4 Nd3 23. Bxb7 Rc7 24. Bd5 Nxb4 25. Bb3 h5 26. Kg2 Be5 27. f4 Bf6 28. Rd2 Ke7 29. Re2 Kf8 30. Rd2 Be7 31. Kf3 Na6 32. h3 Nc5 33. Bd5 Bf6 34. g4 hxg4+ 35. hxg4 Ke7 36. Rc2 a5 37. Bd2 a4 38. Bc1 Rc8 39. Ba3 g5 40. fxg5 Bxg5 41. Rc4 Rh8 42. Bxc5 dxc5 43. Rxa4 Rh3+ 44. Kg2 Rd3 45. Be4 Rd2+ 46. Kf3 f6 47. Bf5 Kd6 48. Ra8 Kc7 49. a4 Rd4 50. a5 Rf4+ 51. Kg3 Ra4 52. a6 Kb6 53. a7 Ra3+ 54. Kf2 Bf4 55. Ke2 c4 56. Kd1 Ra2 57. Rc8 Kxa7 58. Rxc4 Bg5 59. Rb4 Ka6 60. Ke1 Bd2+ 61. Kd1 Bxb4 0-1


[Site "https://www.chess.com"]

[Event "Titled Tuesday Blitz March 08 Early 2022"]
[White "Jobava, Baadur"]
[Black "Dubov, Daniil"]
[WhiteFideId "13601520"]
[BlackFideId "24126055"]
[WhiteElo "2617"]
[BlackElo "2791"]
[Result "0-1"]
[Round "10"]
[TimeControl "180+1"]
[Date "2022.03.08"]
[WhiteClock "0:00:08"]
[BlackClock "0:00:06"]

1. e4 c5 2. Nf3 e6 3. d4 cxd4 4. Nxd4 a6 5. Bd3 Bc5 6. c3 Ne7 7. Be3 d6 8. Nd2 O-O 9. O-O Nd7 10. Re1 Qc7 11. a4 Nf6 12. h3 e5 13. Nc2 Bxe3 14. Nxe3 Be6 15. c4 a5 16. Nd5 Bxd5 17. cxd5 Nd7 18. Bb5 Nc5 19. Rc1 Rac8 20. Nc4 Ng6 21. Rc3 f5 22. exf5 Rxf5 23. g3 Rcf8 24. Re2 e4 25. Qd4 Ne5 26. Nxe5 Rxe5 27. Rxe4 Rxe4 28. Qxe4 Rxf2 29. Bd7 Qb6 30. Qe3 Rf8 31. Bb5 Qd8 32. Qd4 Qe7 33. Re3 Qf7 34. Re1 h6 35. Rf1 Qe7 36. Rxf8+ Qxf8 37. Qe3 Qf6 38. Qc3 Qxc3 39. bxc3 Ne4 40. Kg2 Nxc3 41. Bd7 Kf7 42. Kf3 Ke7 43. Bc8 b6 44. Bb7 Nxa4 45. Ke3 b5 46. Bc6 Nc3 47. Kd3 b4 48. Kc4 Kd8 49. g4 Kc7 50. h4 g5 51. hxg5 hxg5 52. Kb3 Kb6 53. Kc4 Nd1 54. Bd7 Ne3+ 55. Kd4 Ng2 56. Kc4 Nf4 57. Kd4 Ne2+ 58. Kc4 Ng3 59. Be8 Ne4 60. Bd7 Nc5 61. Bc6 b3 62. Kc3 a4 63. Kb2 Ka5 64. Ka3 Ne4 65. Bxa4 Nd2 66. Bc6 Kb6 67. Kb2 Kc5 68. Kc3 Ne4+ 69. Kxb3 Nf6 70. Kc3 Nxd5+ 71. Kd2 Kxc6 0-1


[Site "https://www.chess.com"]

[Event "Titled Tuesday Blitz March 08 Early 2022"]
[White "Johnson, Ben"]
[Black "Jakubowska, Anna"]
[WhiteFideId "2010917"]
[BlackFideId "1121952"]
[WhiteElo "2221"]
[BlackElo "1924"]
[Result "1-0"]
[Round "10"]
[TimeControl "180+1"]
[Date "2022.03.09"]
[WhiteClock "0:00:23"]
[BlackClock "0:00:01"]

1. Nf3 f5 2. c4 Nf6 3. b3 g6 4. Bb2 Bg7 5. g3 O-O 6. Bg2 d6 7. d4 c6 8. O-O Qe8 9. d5 e5 10. dxe6 Qxe6 11. Ng5 Qe7 12. h4 Nbd7 13. Re1 Ne5 14. Nd2 Nfg4 15. Qc2 f4 16. Ndf3 Bf5 17. Qd2 Nxf2 18. Nxe5 fxg3 19. Nef3 Bxb2 20. Qxb2 Qe3 21. Qd4 Nh3+ 22. Kf1 Qxd4 23. Nxd4 Be4+ 24. Ndf3 Nxg5 25. hxg5 Rf5 26. Rad1 d5 27. cxd5 Bxd5 28. Kg1 Bxf3 29. Bxf3 Rxg5 30. Rd7 Rb8 31. Kg2 h5 32. Rh1 Rc5 33. Rh4 Rc2 34. Re4 Rxa2 35. Kxg3 Rb2 36. Ree7 Rxb3 37. Rg7+ Kf8 38. Rxg6 a5 39. Rh6 Kg8 40. Rxh5 a4 41. Rg5+ Kf8 42. Rh7 Re8 43. Rh8+ Ke7 44. Re5+ Kd6 45. Rexe8 a3 46. Ra8 b5 47. Rh6+ Kc5 48. Rxc6+ Kb4 49. Rb6 Rb2 50. Bc6 Kc5 51. Rxb5+ 1-0


[Site "https://www.chess.com"]

[Event "Titled Tuesday Blitz March 08 Early 2022"]
[White "Kadam, Om Manish"]
[Black "Garv Gaur"]
[WhiteFideId "45076294"]
[BlackFideId "45030839"]
[WhiteElo "1729"]
[BlackElo "1950"]
[Result "0-1"]
[Round "10"]
[TimeControl "180+1"]
[Date "2022.03.09"]
[WhiteClock "0:00:10"]
[BlackClock "0:00:52"]

1. e4 c6 2. Nf3 d5 3. exd5 cxd5 4. d4 Nc6 5. c3 Qc7 6. Bd3 Bg4 7. O-O e6 8. h3 Bh5 9. Re1 Bd6 10. Bg5 Nge7 11. Nbd2 h6 12. Bxe7 Nxe7 13. Qb3 O-O 14. Ne5 Bxe5 15. Rxe5 Bg6 16. Bxg6 Nxg6 17. Re3 Rfe8 18. Rae1 Rad8 19. Qd1 Qb6 20. Nb3 a5 21. Qc2 Qb5 22. Nc1 Rc8 23. Nd3 b6 24. Rg3 Qc4 25. Qd2 Kh7 26. a3 Qc7 27. Kh1 Qe7 28. Ne5 Rc7 29. Qd3 Qf6 30. Rf3 Qg5 31. Nxf7 Rxf7 32. Rxf7 Kg8 33. Rf3 Nf4 34. Qe3 Qxg2# 0-1


[Site "https://www.chess.com"]

[Event "Titled Tuesday Blitz March 08 Early 2022"]
[White "Kaganskiy, Gleb"]
[Black "Tasev, Dejan"]
[WhiteFideId "4132025"]
[BlackFideId "936618"]
[WhiteElo "2165"]
[BlackElo "2253"]
[Result "0-1"]
[Round "10"]
[TimeControl "180+1"]
[Date "2022.03.09"]
[WhiteClock "0:00:43"]
[BlackClock "0:01:01"]

1. e4 Nf6 2. Nc3 d6 3. d4 g6 4. Nf3 Bg7 5. h3 O-O 6. Be3 c5 7. Be2 cxd4 8. Nxd4 Nc6 9. Qd2 Bd7 10. O-O-O Rc8 11. g4 Ne5 12. f4 Nc4 13. Bxc4 Rxc4 14. e5 Ne8 15. Nf3 Bc6 16. Rhf1 Qa5 17. Kb1 dxe5 18. fxe5 Bxf3 19. Rxf3 Qxe5 20. Bxa7 Nd6 21. Re3 Qa5 22. Rxe7 Bxc3 23. Qxd6 Bb4 24. Qb6 Qxb6 25. Bxb6 Bxe7 0-1


[Site "https://www.chess.com"]

[Event "Titled Tuesday Blitz March 08 Early 2022"]
[White "Kamsky, Gata"]
[Black "Ambartsumova, Karina"]
[WhiteFideId "2000024"]
[BlackFideId "4166299"]
[WhiteElo "2645"]
[BlackElo "2262"]
[Result "1-0"]
[Round "10"]
[TimeControl "180+1"]
[Date "2022.03.08"]
[WhiteClock "0:00:38"]
[BlackClock "0:00:13"]

1. e4 e5 2. f4 d5 3. exd5 e4 4. Nc3 Nf6 5. Bc4 Bc5 6. Qe2 Bg4 7. Qf1 O-O 8. Nge2 c6 9. d6 Qxd6 10. h3 Be6 11. Bxe6 Qxe6 12. b3 Na6 13. Bb2 Nb4 14. O-O-O a5 15. f5 Qe7 16. g4 Nfd5 17. a3 Na6 18. Qg2 Rfe8 19. Nxd5 cxd5 20. f6 Qd6 21. Qg3 Bxa3 22. Qxd6 Bxd6 23. fxg7 a4 24. bxa4 Nc5 25. Nc3 Nxa4 26. Nxd5 Nxb2 27. Nf6+ Kxg7 28. Nxe8+ Rxe8 29. Kxb2 Be5+ 30. Kb3 Re6 31. Rhe1 Rb6+ 32. Kc4 Rc6+ 33. Kd5 Bf6 34. c3 Rc8 35. Kxe4 1-0


[Site "https://www.chess.com"]

[Event "Titled Tuesday Blitz March 08 Early 2022"]
[White "Karolczuk, Iwo"]
[Black "Iljin, Timofey"]
[WhiteFideId "21816972"]
[BlackFideId "14110180"]
[WhiteElo "2243"]
[BlackElo "2396"]
[Result "1-0"]
[Round "10"]
[TimeControl "180+1"]
[Date "2022.03.09"]
[WhiteClock "0:00:12"]
[BlackClock "0:00:22"]

1. e4 e5 2. Nf3 Nc6 3. Bb5 a6 4. Ba4 Nf6 5. O-O b5 6. Bb3 Bc5 7. c3 d6 8. d4 Bb6 9. Be3 O-O 10. Nbd2 h6 11. h3 Bb7 12. Re1 Re8 13. a4 exd4 14. cxd4 Nxe4 15. Nxe4 Rxe4 16. Bd5 Re7 17. Rc1 Na5 18. Bxb7 Nxb7 19. Nh4 Qd7 20. Qf3 c5 21. dxc5 dxc5 22. Rcd1 Qc7 23. Nf5 Re6 24. Bf4 Qc8 25. Ne7+ Rxe7 26. Rxe7 Nd8 27. Re8+ Kh7 28. Qe4+ f5 29. Qe7 Ra7 30. Qf8 Rd7 31. Qg8+ Kg6 32. Re6+ Kh5 33. Qe8+ Kh4 34. Rxh6+ gxh6 35. g3+ Kxh3 36. Qh5# 1-0


[Site "https://www.chess.com"]

[Event "Titled Tuesday Blitz March 08 Early 2022"]
[White "Kett, Tim"]
[Black "Gombocz, Ferenc Jr."]
[WhiteFideId "1801210"]
[BlackFideId "775029"]
[WhiteElo "2098"]
[BlackElo "1913"]
[Result "1-0"]
[Round "10"]
[TimeControl "180+1"]
[Date "2022.03.09"]
[WhiteClock "0:01:28"]
[BlackClock "0:00:37"]

1. e4 e5 2. f4 c6 3. Nc3 exf4 4. Nf3 d5 5. exd5 cxd5 6. d4 g5 7. h4 g4 8. Ne5 Be7 9. Bxf4 Bxh4+ 10. g3 Bg5 11. Qd2 Bxf4 12. Qxf4 Qf6 13. Nxd5 Qxf4 14. gxf4 Na6 15. Bxa6 bxa6 16. Nc7+ Ke7 17. Nxa8 h5 18. O-O g3 19. Rae1 Kf8 20. d5 h4 21. d6 h3 22. d7 h2+ 23. Kg2 Bb7+ 24. Kxg3 1-0


[Site "https://www.chess.com"]

[Event "Titled Tuesday Blitz March 08 Early 2022"]
[White "Kim, Sergey"]
[Black "Havas, Ladislav"]
[WhiteFideId "13700570"]
[BlackFideId "14501090"]
[WhiteElo "2531"]
[BlackElo "2206"]
[Result "1-0"]
[Round "10"]
[TimeControl "180+1"]
[Date "2022.03.09"]
[WhiteClock "0:01:41"]
[BlackClock "0:01:50"]

1. d4 Nf6 2. c4 e5 3. dxe5 Ne4 4. Nf3 d6 5. e3 Nc6 6. exd6 Bxd6 7. Nbd2 Bf5 8. a3 Qe7 9. b4 O-O-O 10. Qb3 Nxd2 11. Bxd2 Ne5 12. Nd4 Qf6 13. c5 Be7 14. Qa4 Rxd4 15. exd4 Nc6 16. Be3 Nxd4 17. Rc1 Re8 18. Qxe8+ Bd8 19. Bxd4 Qxd4 20. Qe3 Qb2 21. Be2 h6 22. O-O Bg5 23. f4 1-0


[Site "https://www.chess.com"]

[Event "Titled Tuesday Blitz March 08 Early 2022"]
[White "Kohler, Aran"]
[Black "Derige Kane, Yan"]
[WhiteFideId "1002856"]
[BlackFideId "20665431"]
[WhiteElo "2293"]
[BlackElo "2169"]
[Result "0-1"]
[Round "10"]
[TimeControl "180+1"]
[Date "2022.03.09"]
[WhiteClock "0:00:07"]
[BlackClock "0:00:46"]

1. d4 c5 2. c3 cxd4 3. cxd4 d5 4. Nc3 Nc6 5. Bf4 Nf6 6. e3 a6 7. Nf3 Bg4 8. Bd3 e6 9. h3 Bh5 10. g4 Bg6 11. Ne5 Bd6 12. O-O Qc7 13. Nxg6 hxg6 14. Bxd6 Qxd6 15. Kg2 Ke7 16. f4 Rh4 17. Rf3 Rah8 18. Qb3 b5 19. a4 b4 20. Ne2 Na5 21. Qc2 b3 22. Qc3 Nc4 23. Bxc4 dxc4 24. Qxc4 Ne4 25. Rd1 Qd5 26. Qc7+ Qd7 27. Qxd7+ Kxd7 28. d5 Rc8 29. dxe6+ Kxe6 30. Nd4+ Ke7 31. Rff1 Rhh8 32. Rc1 Nd2 33. Rfd1 Nc4 34. Nxb3 Nxe3+ 35. Kf3 Nxd1 36. Rxd1 Rhd8 37. Nd4 Rc4 38. Ke3 Rd6 39. b3 Rc3+ 40. Rd3 Rc1 41. f5 Re1+ 42. Kf3 g5 43. Re3+ Rxe3+ 44. Kxe3 Kf6 45. b4 Ke5 46. Nf3+ Kd5 47. Nxg5 Rd7 48. Kd3 Ke5+ 49. Ke3 Kd5 50. Kd3 Rb7 51. b5 axb5 52. axb5 Rxb5 53. Nxf7 Rb3+ 54. Ke2 Rxh3 55. Ng5 Rg3 56. Kf2 Rxg4 57. Nf3 Rf4 58. Kg3 Rxf5 59. Kg4 Ke4 60. Ng5+ Ke5 61. Nf3+ Kf6 62. Nh4 Rg5+ 63. Kf4 Ra5 64. Nf3 Ra4+ 65. Kg3 Kf5 66. Kg2 Kf4 67. Nh4 g5 68. Ng6+ Kf5 69. Ne7+ Kg4 70. Kf2 Ra2+ 71. Ke3 Ra1 72. Ng6 Kh3 73. Kf2 Ra3 74. Ne5 g4 75. Nf7 g3+ 76. Kf1 g2+ 77. Kf2 Ra2+ 78. Kg1 Ra1+ 79. Kf2 g1=Q+ 80. Kf3 Rf1+ 0-1


[Site "https://www.chess.com"]

[Event "Titled Tuesday Blitz March 08 Early 2022"]
[White "Kollars, Dmitrij"]
[Black "Zhigalko, Sergei"]
[WhiteFideId "12909572"]
[BlackFideId "13502956"]
[WhiteElo "2584"]
[BlackElo "2662"]
[Result "1-0"]
[Round "10"]
[TimeControl "180+1"]
[Date "2022.03.08"]
[WhiteClock "0:00:21"]
[BlackClock "0:00:01"]

1. d4 Nf6 2. c4 e6 3. Nf3 b6 4. g3 Ba6 5. Qc2 Bb4+ 6. Bd2 Be7 7. Bg2 O-O 8. O-O c6 9. a4 d5 10. b3 Nbd7 11. Rc1 Ne4 12. Nc3 Nxd2 13. Nxd2 Rc8 14. a5 b5 15. c5 b4 16. Na2 Rb8 17. e3 e5 18. Nf3 Bf6 19. Qd2 Qxa5 20. Nxb4 Qxb4 21. Qxb4 Rxb4 22. Rxa6 exd4 23. exd4 Nb8 24. Rxa7 Rxb3 25. Re1 Rb4 26. h4 Bxd4 27. Nxd4 Rxd4 28. Rb1 Rc4 29. Rbb7 Rxc5 30. Bh3 d4 31. Be6 d3 32. Rxf7 Rxf7 33. Rxf7 Re5 34. Rf6+ Rxe6 35. Rxe6 c5 36. Re8+ Kf7 37. Rxb8 c4 38. Kf1 c3 39. Ke1 1-0


[Site "https://www.chess.com"]

[Event "Titled Tuesday Blitz March 08 Early 2022"]
[White "Komiagina, Maria"]
[Black "Ljukin, Sergei"]
[WhiteFideId "4153987"]
[BlackFideId "14102200"]
[WhiteElo "1945"]
[BlackElo "2312"]
[Result "0-1"]
[Round "10"]
[TimeControl "180+1"]
[Date "2022.03.09"]
[WhiteClock "0:00:01"]
[BlackClock "0:00:05"]

1. e4 e6 2. d4 d5 3. exd5 exd5 4. Nf3 Nf6 5. Bd3 c5 6. dxc5 Bxc5 7. h3 O-O 8. O-O Nc6 9. Bg5 h6 10. Bh4 g5 11. Bg3 Ne4 12. Bh2 f5 13. Nc3 Be6 14. Ne5 Qf6 15. Nxc6 bxc6 16. Na4 Be7 17. c3 f4 18. f3 Nc5 19. Kh1 Nxd3 20. Qxd3 Bf5 21. Qd4 Qxd4 22. cxd4 Bd6 23. Bg1 Rfe8 24. Rfe1 Bb4 25. Rxe8+ Rxe8 26. Rc1 Re2 27. a3 Bd2 28. Ra1 Be3 29. b4 Rd2 30. Nc5 Rxd4 31. Re1 Bxg1 32. Kxg1 Rd2 33. Re7 d4 34. Rxa7 d3 35. Ra8+ Kf7 36. Rd8 Ke7 37. Rd4 Ra2 38. Kf1 Rxa3 39. Ke1 Ra2 40. Kd1 Rxg2 41. Nxd3 Bxh3 42. Ne5 Bf5 43. Nxc6+ Ke6 44. b5 Rb2 45. Na7 h5 46. Ra4 h4 47. Ra6+ Ke5 48. b6 h3 49. Nc6+ Kd5 50. Ne7+ Ke5 51. Ra5+ Ke6 0-1


[Site "https://www.chess.com"]

[Event "Titled Tuesday Blitz March 08 Early 2022"]
[White "Kouskoutis, Georgios-Alexandros"]
[Black "Korkmaz, Necmettin"]
[WhiteFideId "4234049"]
[BlackFideId "6303285"]
[WhiteElo "2130"]
[BlackElo "2094"]
[Result "1-0"]
[Round "10"]
[TimeControl "180+1"]
[Date "2022.03.09"]
[WhiteClock "0:00:35"]
[BlackClock "0:01:59"]

1. c4 e5 2. g3 Nc6 3. Bg2 f5 4. Nc3 Nf6 5. e3 Bb4 6. Nge2 O-O 7. O-O Bxc3 8. Nxc3 d6 9. d4 Qe8 10. Nd5 Nxd5 11. cxd5 Ne7 12. dxe5 dxe5 13. d6 cxd6 14. Qxd6 Ng6 15. b3 e4 16. Bb2 Be6 17. Rfd1 Rf7 18. Rac1 Rd7 19. Qb4 Rad8 20. Rxd7 Qxd7 21. h4 h5 22. Bf1 Qd2 23. Qxd2 Rxd2 24. Bd4 Rxa2 25. Rc7 Bf7 26. Bc4 Bxc4 27. bxc4 Kh7 28. Rxg7+ Kh6 29. Rxb7 a5 30. Bg7+ Kh7 31. Bf6+ Kh6 32. Bg5# 1-0


[Site "https://www.chess.com"]

[Event "Titled Tuesday Blitz March 08 Early 2022"]
[White "Krysa, Leandro"]
[Black "Mkrtchyan, Mariam"]
[WhiteFideId "116807"]
[BlackFideId "13310828"]
[WhiteElo "2490"]
[BlackElo "1984"]
[Result "1-0"]
[Round "10"]
[TimeControl "180+1"]
[Date "2022.03.09"]
[WhiteClock "0:00:41"]
[BlackClock "0:00:17"]

1. e4 c6 2. d4 d5 3. e5 Bf5 4. h4 h5 5. Bg5 Qb6 6. Bd3 Qxd4 7. Nf3 Qg4 8. Bxf5 Qxf5 9. O-O f6 10. Nd4 Qg4 11. f3 Qc8 12. Qd3 fxg5 13. Qg6+ Kd7 14. hxg5 Kc7 15. Ne6+ Kb6 16. c4 Nd7 17. cxd5 Nxe5 18. Qe4 Nd7 19. Qb4+ Ka6 20. Rc1 b6 21. dxc6 Nc5 22. Rxc5 Qxe6 23. Qa3# 1-0


[Site "https://www.chess.com"]